PCL
PORTLAND BEAVERS @ PHOENIX GIANTS
08/21/1982
 
TOP OF THE 1ST
Portland Beavers batting - Pitching for Phoenix Giants : RHP Carlos Rodriguez
Pitching: RHP Carlos Rodriguez
Batting: SHB Wally Backman 0-0: Called Strike
0-1: Ball
1-1: Ball
2-1: Foul Ball, location: 2F
2-2: Ball
3-2: Strikes out swinging
Batting: RHB Mark Wasinger 0-0: Ball
1-0: Ball
2-0: DOUBLE (Line Drive, 89D, EV 106.9 MPH)
Batting: LHB Harold Baines 0-0: Ball
1-0: Called Strike
1-1: SINGLE (Groundball, 4MD, EV 98.8 MPH)
Mark Wasinger to third
Runner from 3rd tries for Home, SAFE, throw by CF to home
Batting: LHB Andre David 0-0: Ball
1-0: Foul Ball, location: 2F
1-1: Swinging Strike
1-2: Ball
2-2: Ball
3-2: Strikes out swinging
Batting: RHB Fred Manrique 0-0: Foul Ball, location: 2F
0-1: Fly out, F9 (Line Drive, 9, EV 106.3 MPH)
Top of the 1st over - 1 run, 2 hits, 0 errors, 1 left on base; Portland 1 - Phoenix 0
BOTTOM OF THE 1ST
Phoenix Giants batting - Pitching for Portland Beavers : RHP Kenneth Shea
Pitching: RHP Kenneth Shea
Batting: LHB Bobby V Mitchell 0-0: Ball
1-0: Foul Ball, location: 2F
1-1: Ball
2-1: Foul Ball, location: 2F
2-2: Ball
3-2: Ground out 4-3 (Groundball, 34, EV 102.5 MPH)
Batting: SHB Larry Milbourne 0-0: SINGLE (Groundball, P, EV 79.4 MPH) (infield hit)
Batting: LHB Ernie Riles 0-0: Called Strike
0-1: Ball
1-1: Ball
2-1: Called Strike
2-2: Ground out 4-3 (Groundball, 34, EV 101.9 MPH)
Larry Milbourne to second
Batting: SHB John Macauley 0-0: Ball
1-0: Swinging Strike
1-1: SINGLE (Groundball, 5L, EV 85.0 MPH) (infield hit)
Larry Milbourne to third
Batting: RHB Paul Zuvella 0-0: Ball
1-0: Ball
2-0: SINGLE (Groundball, 34S, EV 66.9 MPH) (infield hit)
Larry Milbourne scores
John Macauley to second
Batting: LHB Raymond Rivas 0-0: Swinging Strike
0-1: Foul Ball, location: 2F
0-2: Foul Ball, location: 2F
0-2: Ball
1-2: Fielders Choice at 2nd, 5-4 (Groundball, 56, EV 91.3 MPH)
Bottom of the 1st over - 1 run, 3 hits, 0 errors, 2 left on base; Portland 1 - Phoenix 1
TOP OF THE 2ND
Portland Beavers batting - Pitching for Phoenix Giants : RHP Carlos Rodriguez
Batting: LHB Pat Sheridan 0-0: Fly out, F9 (Flyball, 9LS, EV 70.6 MPH)
Batting: RHB Pepe Mangual 0-0: Ball
1-0: Swinging Strike
1-1: Fly out, F7 (Flyball, 7LD, EV 101.9 MPH)
Batting: RHB Robert Ferris 0-0: Fly out, F8 (Flyball, 8LD, EV 92.5 MPH)
Top of the 2nd over - 0 runs, 0 hits, 0 errors, 0 left on base; Portland 1 - Phoenix 1
BOTTOM OF THE 2ND
Phoenix Giants batting - Pitching for Portland Beavers : RHP Kenneth Shea
Batting: SHB Razor Shines 0-0: Ground out 6-3 (Groundball, 6, EV 83.1 MPH)
Batting: LHB Joseph Bruno 0-0: Foul Ball, location: 2F
0-1: Foul Ball, location: 2F
0-2: Strikes out swinging, 2-3 out at first.
Batting: LHB Frank Gill 0-0: Foul Ball, location: 2F
0-1: Swinging Strike
0-2: Ground out U3 (Groundball, 3S, EV 80.6 MPH)
Bottom of the 2nd over - 0 runs, 0 hits, 0 errors, 0 left on base; Portland 1 - Phoenix 1
TOP OF THE 3RD
Portland Beavers batting - Pitching for Phoenix Giants : RHP Carlos Rodriguez
Batting: RHB Dave Huppert 0-0: Ground out 6-3 (Groundball, 6, EV 110.6 MPH)
Batting: SHB Wally Backman 0-0: Foul Ball, location: 2F
0-1: Ball
1-1: Fly out, F4 (Popup, 3DF, EV 53.8 MPH)
Batting: RHB Mark Wasinger 0-0: Ball
1-0: Ball
2-0: Called Strike
2-1: Swinging Strike
2-2: Ground out 6-3 (Groundball, 6, EV 90.6 MPH)
Top of the 3rd over - 0 runs, 0 hits, 0 errors, 0 left on base; Portland 1 - Phoenix 1
BOTTOM OF THE 3RD
Phoenix Giants batting - Pitching for Portland Beavers : RHP Kenneth Shea
Batting: LHB Bobby V Mitchell 0-0: Called Strike
0-1: Fly out, F9 (Flyball, 9LM, EV 83.8 MPH)
Batting: SHB Larry Milbourne 0-0: Ground out 6-3 (Groundball, 6, EV 80.0 MPH)
Batting: LHB Ernie Riles 0-0: Ball
1-0: Ground out 6-3 (Groundball, 4M, EV 79.4 MPH)
Bottom of the 3rd over - 0 runs, 0 hits, 0 errors, 0 left on base; Portland 1 - Phoenix 1
TOP OF THE 4TH
Portland Beavers batting - Pitching for Phoenix Giants : RHP Carlos Rodriguez
Batting: LHB Harold Baines 0-0: Ball
1-0: Ball
2-0: Fly out, F4 (Flyball, 34D, EV 81.9 MPH)
Batting: LHB Andre David 0-0: Ball
1-0: Ball
2-0: Called Strike
2-1: Foul Ball, location: 2F
2-2: Foul Ball, location: 2F
2-2: Ball
3-2: Ground out 4-3 (Groundball, 4D, EV 105.0 MPH)
Batting: RHB Fred Manrique 0-0: Ground out 6-3 (Groundball, 6, EV 81.3 MPH)
Top of the 4th over - 0 runs, 0 hits, 0 errors, 0 left on base; Portland 1 - Phoenix 1
BOTTOM OF THE 4TH
Phoenix Giants batting - Pitching for Portland Beavers : RHP Kenneth Shea
Batting: SHB John Macauley 0-0: Ball
1-0: SINGLE (Line Drive, 4D, EV 106.9 MPH)
Batting: RHB Paul Zuvella 0-0: Ball
1-0: Ball
2-0: Ball
3-0: Called Strike
3-1: Called Strike
3-2: Foul Ball, location: 2F
3-2: Base on Balls
John Macauley to second
Batting: LHB Raymond Rivas 0-0: Ball
1-0: Swinging Strike
1-1: Swinging Strike
1-2: Ball
2-2: Grounds into double play, 3-6-3 (Groundball, 3, EV 111.3 MPH)
John Macauley to third
Batting: SHB Razor Shines 0-0: Ball
1-0: Ball
2-0: Swinging Strike
2-1: Ball
3-1: Called Strike
3-2: Strikes out swinging
Bottom of the 4th over - 0 runs, 1 hit, 0 errors, 1 left on base; Portland 1 - Phoenix 1
TOP OF THE 5TH
Portland Beavers batting - Pitching for Phoenix Giants : RHP Carlos Rodriguez
Batting: LHB Pat Sheridan 0-0: Called Strike
0-1: Ball
1-1: SINGLE (Groundball, P, EV 85.0 MPH) (infield hit)
Batting: RHB Pepe Mangual 0-0: Ball
1-0: Called Strike
1-1: Ball
2-1: Swinging Strike
2-2: Ball
3-2: Strikes out swinging
Batting: RHB Robert Ferris 0-0: Ball
1-0: Ball
2-0: Ball
3-0: Called Strike
3-1: Called Strike
3-2: Foul Ball, location: 2F
3-2: Foul Ball, location: 2F
3-2: SINGLE (Groundball, 56D, EV 103.1 MPH)
Pat Sheridan to second
Pat Sheridan to third
Batting: RHB Dave Huppert 0-0: Ball
1-0: Foul Ball, location: 2F
1-1: Grounds into double play, 6-4-3 (Groundball, 6, EV 91.3 MPH)
Top of the 5th over - 0 runs, 2 hits, 0 errors, 1 left on base; Portland 1 - Phoenix 1
BOTTOM OF THE 5TH
Phoenix Giants batting - Pitching for Portland Beavers : RHP Kenneth Shea
Batting: LHB Joseph Bruno 0-0: Fly out, F4 (Popup, 13, EV 88.1 MPH)
Batting: LHB Frank Gill 0-0: Ground out U3 (Groundball, 34S, EV 85.6 MPH)
Batting: LHB Bobby V Mitchell 0-0: Foul Ball, location: 2F
0-1: Foul Ball, location: 2F
0-2: TRIPLE (Line Drive, 78XD, EV 106.3 MPH)
Batting: SHB Larry Milbourne 0-0: Called Strike
0-1: Foul Ball, location: 2F
0-2: Fly out, F7 (Line Drive, 7, EV 100.6 MPH)
Bottom of the 5th over - 0 runs, 1 hit, 0 errors, 1 left on base; Portland 1 - Phoenix 1
TOP OF THE 6TH
Portland Beavers batting - Pitching for Phoenix Giants : RHP Carlos Rodriguez
Batting: SHB Wally Backman 0-0: Foul Ball, location: 2F
0-1: Foul Ball, location: 2F
0-2: Ball
1-2: Ball
2-2: Strikes out swinging
Batting: RHB Mark Wasinger 0-0: Swinging Strike
0-1: Called Strike
0-2: Ball
1-2: Foul Ball, location: 2F
1-2: Ball
2-2: SINGLE (Flyball, 8LS, EV 101.3 MPH)
Batting: LHB Harold Baines 0-0: Foul Ball, location: 2F
0-1: Fly out, F6 (Popup, 6S, EV 63.8 MPH)
Batting: LHB Andre David 0-0: Ball
1-0: Ball
2-0: Ball
3-0: Base on Balls
Mark Wasinger to second
Batting: RHB Fred Manrique 0-0: Called Strike
0-1: Ball
1-1: Foul Ball, location: 2F
1-2: Strikes out swinging
Top of the 6th over - 0 runs, 1 hit, 0 errors, 2 left on base; Portland 1 - Phoenix 1
BOTTOM OF THE 6TH
Phoenix Giants batting - Pitching for Portland Beavers : RHP Kenneth Shea
Batting: LHB Ernie Riles 0-0: Ball
1-0: Ball
2-0: Ground out 4-3 (Groundball, 4M, EV 100.6 MPH)
Batting: SHB John Macauley 0-0: Foul Ball, location: 2F
0-1: Ball
1-1: Called Strike
1-2: Ball
2-2: Foul Ball, location: 2F
2-2: Reached on error, E4 (Groundball, 4, EV 80.6 MPH)
Batting: RHB Paul Zuvella 0-0: Foul Ball, location: 2F
0-1: Ball
1-1: Fly out, F6 (Flyball, 56D, EV 91.9 MPH)
Batting: LHB Raymond Rivas 0-0: Called Strike
0-1: Ball
1-1: Ball
2-1: Foul Ball, location: 2F
2-2: Ball
3-2: Ground out 6-3 (Groundball, 6MS, EV 83.1 MPH)
Bottom of the 6th over - 0 runs, 0 hits, 1 error, 1 left on base; Portland 1 - Phoenix 1
TOP OF THE 7TH
Portland Beavers batting - Pitching for Phoenix Giants : RHP Carlos Rodriguez
Batting: LHB Pat Sheridan 0-0: Swinging Strike
0-1: Ball
1-1: Foul Ball, location: 2F
1-2: Ball
2-2: Ball
3-2: Base on Balls
Batting: RHB Pepe Mangual 0-0: Called Strike
Pat Sheridan steals 2nd base
0-1: Foul Ball, location: 2F
0-2: Strikes out swinging, 2-3 out at first.
Batting: RHB Robert Ferris 0-0: Intentional Walk
Batting: RHB Dave Huppert 0-0: Swinging Strike
0-1: Ball
1-1: Ball
2-1: Called Strike
2-2: Ball
3-2: Base on Balls
Pat Sheridan to third
Robert Ferris to second
Pitching: RHP Pete Ladd
Batting: SHB Wally Backman 0-0: SINGLE (Groundball, 34D, EV 101.3 MPH)
Pat Sheridan scores
Robert Ferris to third
Dave Huppert to second
Batting: RHB Mark Wasinger 0-0: Foul Ball, location: 2F
0-1: SINGLE (Groundball, 34, EV 103.8 MPH)
Robert Ferris scores
Dave Huppert to third
Wally Backman to second
Runner from 3rd tries for Home, SAFE, throw by RF to home
Batting: LHB Harold Baines 0-0: Foul Ball, location: 2F
0-1: Swinging Strike
0-2: Strikes out swinging
Batting: LHB Andre David 0-0: Ball
1-0: Ball
2-0: Swinging Strike
2-1: Ball
3-1: Fielders Choice at 2nd, 6-4 (Groundball, 6, EV 83.8 MPH)
Top of the 7th over - 3 runs, 2 hits, 0 errors, 2 left on base; Portland 4 - Phoenix 1
BOTTOM OF THE 7TH
Phoenix Giants batting - Pitching for Portland Beavers : RHP Kenneth Shea
Batting: SHB Razor Shines 0-0: Called Strike
0-1: Ball
1-1: Ball
2-1: Ball
3-1: Called Strike
3-2: Base on Balls
Batting: LHB Joseph Bruno 0-0: Foul Ball, location: 2F
0-1: Fielders Choice at 2nd, 4-6 (Groundball, 4, EV 100.6 MPH)
Batting: LHB Frank Gill 0-0: Ball
1-0: Foul Ball, location: 2F
1-1: Ball
2-1: Swinging Strike
2-2: Strikes out swinging
Batting: LHB Bobby V Mitchell 0-0: Foul Ball, location: 2F
0-1: SINGLE (Line Drive, 89S, EV 100.0 MPH)
Joseph Bruno to second
Runner from 2nd tries for 3rd, OUT! 9-5
Bottom of the 7th over - 0 runs, 1 hit, 0 errors, 1 left on base; Portland 4 - Phoenix 1
TOP OF THE 8TH
Portland Beavers batting - Pitching for Phoenix Giants : RHP Pete Ladd
Batting: RHB Fred Manrique 0-0: Ball
1-0: Fly out, F7 (Flyball, 7D, EV 104.4 MPH)
Batting: LHB Pat Sheridan 0-0: Foul Ball, location: 2F
0-1: Ball
1-1: Ball
2-1: Called Strike
2-2: Ball
3-2: Strikes out looking
Batting: RHB Pepe Mangual 0-0: Foul Ball, location: 2F
0-1: Foul Ball, location: 2F
0-2: Strikes out swinging
Top of the 8th over - 0 runs, 0 hits, 0 errors, 0 left on base; Portland 4 - Phoenix 1
BOTTOM OF THE 8TH
Phoenix Giants batting - Pitching for Portland Beavers : RHP Kenneth Shea
Batting: SHB Larry Milbourne 0-0: Ball
1-0: Foul Ball, location: 2F
1-1: Swinging Strike
1-2: Ground out 6-3 (Groundball, 6, EV 109.4 MPH)
Batting: LHB Ernie Riles 0-0: Fly out, F7 (Flyball, 78M, EV 88.1 MPH)
Batting: SHB John Macauley 0-0: Ground out 6-3 (Groundball, 6, EV 89.4 MPH)
Bottom of the 8th over - 0 runs, 0 hits, 0 errors, 0 left on base; Portland 4 - Phoenix 1
TOP OF THE 9TH
Portland Beavers batting - Pitching for Phoenix Giants : RHP Pete Ladd
Batting: RHB Robert Ferris 0-0: Ball
1-0: Ball
2-0: Called Strike
2-1: Swinging Strike
2-2: Strikes out swinging
Batting: RHB Dave Huppert 0-0: Called Strike
0-1: Ball
1-1: Foul Ball, location: 2F
1-2: Strikes out swinging
Batting: SHB Wally Backman 0-0: Foul Ball, location: 2F
0-1: Ball
1-1: Swinging Strike
1-2: Ball
2-2: Strikes out swinging
Top of the 9th over - 0 runs, 0 hits, 0 errors, 0 left on base; Portland 4 - Phoenix 1
BOTTOM OF THE 9TH
Phoenix Giants batting - Pitching for Portland Beavers : RHP Kenneth Shea
Batting: RHB Paul Zuvella 0-0: Called Strike
0-1: Ball
1-1: Ball
2-1: Ground out 5-3 (Groundball, 5, EV 91.3 MPH)
Batting: LHB Raymond Rivas 0-0: Ball
1-0: Called Strike
1-1: Swinging Strike
1-2: Strikes out swinging
Batting: SHB Razor Shines 0-0: Called Strike
0-1: Ball
1-1: Ball
2-1: Called Strike
2-2: Fly out, F8 (Line Drive, 8LD, EV 106.9 MPH)
Bottom of the 9th over - 0 runs, 0 hits, 0 errors, 0 left on base; Portland 4 - Phoenix 1
Monday, August 24th, 2020 - OOTP Baseball 21.5 Build 76